 Dungeon Crawl Stone Soup version 0.31-a0-845-g9abc20d24f (webtiles) character file.

Game seed: 6547808118161688164

6188 nebug the Carver (level 10, -5/126 HPs)
             Began as a Minotaur Gladiator on Oct 1, 2023.
             Was a High Priest of Cheibriados.
             Slain by a troll (11 damage)
             ... on level 10 of the Dungeon.
             The game lasted 01:10:01 (8338 turns).

nebug the Carver (Minotaur Gladiator)               Turns: 8338, Time: 01:10:02

Health: -5/126     AC: 25    Str: 32    XL:     10   Next: 60%
Magic:  19/19      EV:  2    Int: 22    God:    Cheibriados [*****.]
Gold:   501        SH:  0    Dex: 20    Spells: 2/9 levels left

rFire   . . .        S - +7 falchion
rCold   . . .        y - +0 kite shield
rNeg    + . .        K - melded +2 ring mail {rF+}
rPois   +            C - melded +2 hat
rElec   +            (cloak currently unavailable)
rCorr   +            (gloves currently unavailable)
SInv    .            D - melded +0 pair of boots
Will    .....        Q - amulet of faith
Stlth   +            j - ring "Ilikhlua" {rElec rPois rN+ rCorr Dex-5}
HPRegen 0.41/turn    B - ring of magical power
MPRegen 0.16/turn

%: faith
@: confused, tree-form, ambrosia-drunk, hasted, slow
A: stationary, stasis, torment immunity, boosted hp, (horns 2), (retaliatory
headbutt), (poison resistance)
a: Renounce Religion, Bend Time, Temporal Distortion, Slouch, Step From Time


You were on level 10 of the Dungeon.
You worshipped Cheibriados.
Cheibriados was extremely pleased with you.
You were a tree.
You visited 2 branches of the dungeon, and saw 11 of its levels.

You collected 501 gold pieces.

Inventory:

Hand Weapons
 a - a +0 short sword of venom
 t - a +0 falchion of flaming
 z - a +0 demon blade
 R - a +3 great sword
 S - a +7 falchion (weapon)
Missiles
 d - 3 throwing nets (quivered)
 e - a javelin
Armour
 b - a +0 leather armour
 c - a +0 hat
 l - a +0 ring mail
 n - the scarf "Imeveb" {harm, rElec Will+ Stlth+}
   (You found it on level 7 of the Dungeon)

   rElec:     It insulates you from electricity.
   Will+:     It increases your willpower.
   Stlth+:    It makes you more stealthy.
 q - a +0 robe
 r - a +0 chain mail
 s - a +0 ring mail
 x - a +0 chain mail
 y - a +0 kite shield (worn)
 C - a +2 hat (melded)
 D - a +0 pair of boots (melded)
 K - a +2 ring mail of fire resistance (melded)
 M - +0 steam dragon scales
Magical Staves
 N - a staff of air
Jewellery
 j - the ring "Ilikhlua" (left branch) {rElec rPois rN+ rCorr Dex-5}
   (You acquired it on level 3 of the Dungeon)

   [ring of positive energy]

   Dex-5:     It affects your dexterity (-5).
   rElec:     It insulates you from electricity.
   rPois:     It protects you from poison rN+: It protects you from negative
   energy.
   rCorr:     It protects you from acid and corrosion.
 B - a ring of magical power (right branch)
 L - a ring of resist corrosion
 Q - an amulet of faith (around neck)
Talismans
 g - a blade talisman
 m - a maw talisman
Wands
 v - a wand of mindburst (6)
 A - a wand of flame (52)
 G - a wand of roots (21)
 H - a wand of polymorph (7)
 P - a wand of digging (6)
Scrolls
 f - a scroll of immolation
 h - 5 scrolls of teleportation
 F - 2 scrolls of amnesia
 I - a scroll of vulnerability
 O - a scroll of torment
Potions
 i - 2 potions of magic {unknown}
 k - 2 potions of might {unknown}
 p - 2 potions of degeneration {unknown}
 u - 4 potions of curing {unknown}


   Skills:
 + Level 6.5 Fighting
 + Level 9.8 Long Blades
 + Level 5.2 Polearms
 + Level 2.2 Throwing
 + Level 8.2 Armour
 + Level 7.1 Dodging
 + Level 2.5 Stealth
 + Level 9.1 Shields
 + Level 1.7 Invocations


You had 2 spell levels left.
You knew the following spells:

 Your Spells              Type           Power      Damage    Failure   Level
a - Summon Hydra          Summ           0%         N/A       100%        7

Your spell library contained the following spells:

 Spells                   Type           Power      Damage    Failure   Level
 Vhi's Electric Charge    Tloc/Air       0%         N/A       95%         4
 Arcjolt                  Conj/Air       0%         1d10      100%        5
 Summon Forest            Summ/Tloc      0%         N/A       100%        5
 Eringya's Noxious Bog    Tmut/Pois      0%         4d6       100%        6
 Plasma Beam              Fire/Air       0%         2x1d10    100%        6


Dungeon Overview and Level Annotations

Branches:
Dungeon (10/15)            Temple (1/1) D:5             Orc (0/2) D:10
   Lair: D:8-11

Altars:
Ashenzari
Cheibriados
Dithmenos
Elyvilon
Fedhas
Gozag
Hepliaklqana
Kikubaaqudgha
Makhleb
Nemelex Xobeh
Okawaru
Qazlal
Ru
Sif Muna
Trog
Uskayaw
Vehumet
Wu Jian
Xom
Yredelemnul
Zin
The Shining One

Shops:
D:2 =


Innate Abilities, Weirdness & Mutations

You are a tree.
Your roots penetrate the ground, keeping you stationary.
You cannot be teleported.
You are immune to unholy pain and torment.
Your maximum health is greatly increased.
Your equipment is partially melded.
((You have a pair of horns on your head.))
((You reflexively headbutt those who attack you in melee.))
((Your system is resistant to poisons. (rPois)))


Message History

You are confused.
You feel invigorated.
The kobold brigand hits you but does no damage.
The ogre hits you but does no damage.
The orc warrior hits you with a +0 war axe.
* * * LOW HITPOINT WARNING * * *
The troll bites you!
* * * LOW HITPOINT WARNING * * *
The troll claws you but does no damage. x2
The gnoll sergeant hits you but does no damage.
The gnoll sergeant hits you from afar with a +0 spear.
* * * LOW HITPOINT WARNING * * *
Unknown command.
Unknown command.
It was a potion of haste.
You feel yourself speed up.
Cheibriados forgives your accidental hurry, just this once.
The kobold brigand hits you with a +3 vampiric short sword.
* * * LOW HITPOINT WARNING * * *
The troll bites you but does no damage. The troll claws you.
* * * LOW HITPOINT WARNING * * *
The troll claws you but does no damage.
The gnoll sergeant hits you but does no damage. x2
The orc warrior hits you with a +0 war axe.
* * * LOW HITPOINT WARNING * * *
You cannot move. (Use ctrl+direction or * direction to attack while stationary and confused.)
You cannot move. (Use ctrl+direction or * direction to attack while stationary and confused.)
You cannot move. (Use ctrl+direction or * direction to attack while stationary and confused.)
You cannot move. (Use ctrl+direction or * direction to attack while stationary and confused.)
You cannot move. (Use ctrl+direction or * direction to attack while stationary and confused.)
You cannot move. (Use ctrl+direction or * direction to attack while stationary and confused.)
You cannot move. (Use ctrl+direction or * direction to attack while stationary and confused.)
You slash the troll!
The troll is almost dead.
The ogre hits you but does no damage.
You slash the kobold brigand!
The kobold brigand is almost dead.
The orc warrior hits you but does no damage.
The kobold brigand hits you but does no damage.
The troll bites you!
You die...

#)...)..# #.# #.....).#
#.# #.....).# #.#
#.......# #.# #.......#
#.# #.......# #.## .#
#.......# #..#######...##
#.......# #....).o.......
#.......###.####♣###...##
.............#8KTO8# .#
.............#)Kgog#
##...........#.)g))#
#...........#).)..#
#..###......#8...8# #..
#......####### #.
#......# # #......#


You could see a troll, 2 orc warriors, 2 kobold brigands, an ogre and 3 gnoll
sergeants.

Vanquished Creatures
  A two-headed ogre (D:8)
  The ghost of javelincjr the Sneak, a novice OpCj (D:7)
  A wyvern (D:8)
  3 steam dragons
  A warg (D:7)
  4 water moccasins
  2 sky beasts
  5 orc warriors
  2 black bears
  2 ogres
  4 centaurs
  A phantom (D:5)
  6 kobold brigands
  3 gnoll sergeants
  A bullfrog (D:8)
  3 scorpions
  5 wights
  A water moccasin skeleton (D:3)
  9 killer bees (D:9)
  The ghost of justen the Insei, a weakling GnSh (D:3)
  2 electric eels (D:9)
  A howler monkey (D:8)
  A bullfrog zombie (D:3)
  5 hounds
  5 jellies
  5 orc priests
  Jessica (D:3)
  6 orc wizards
  Ijyb (D:3)
  9 gnolls
  5 adders
  2 dart slugs (D:1)
  28 orcs
  8 ball pythons
  9 endoplasms
  4 giant cockroaches
  4 goblins
  7 hobgoblins
  10 jackals
  28 kobolds
  6 quokkas
  7 bats
  2 frilled lizards
  4 rats
216 creatures vanquished.

Vanquished Creatures (others)
  An orc wizard (D:8)
1 creature vanquished.

Grand Total: 217 creatures vanquished

Notes
Turn   | Place    | Note
-------+----------+-------------------------------------------
     0 | D:1      | nebug the Minotaur Gladiator began the quest for the Orb.
     0 | D:1      | Reached XP level 1. HP: 18/18 MP: 0/0
   142 | D:1      | Reached XP level 2. HP: 25/25 MP: 1/1
   396 | D:1      | Found a faded altar of an unknown god.
   406 | D:1      | Prayed at the altar of an unknown god.
   406 | D:1      | Became a worshipper of Cheibriados the Contemplative
   406 | D:1      | Reached * piety under Cheibriados
   850 | D:2      | Reached XP level 3. HP: 28/30 MP: 2/2
  1053 | D:2      | Reached ** piety under Cheibriados
  1082 | D:2      | Reached skill level 1 in Armour
  1092 | D:2      | Found Reviuffi's One-of-a-Kind Rings.
  1307 | D:2      | Reached XP level 4. HP: 37/37 MP: 3/3
  1816 | D:3      | Identified a scroll of acquirement
  1816 | D:3      | Acquired the ring "Ilikhlua" {rElec rPois rN+ rCorr Dex-5}
  1830 | D:3      | Reached *** piety under Cheibriados
  1863 | D:3      | Noticed Ijyb
  1890 | D:3      | Noticed Jessica
  1900 | D:3      | Killed Jessica
  1957 | D:3      | Killed Ijyb
  1958 | D:3      | Reached skill level 5 in Polearms
  1958 | D:3      | Reached XP level 5. HP: 17/45 MP: 4/4
  2063 | D:3      | Found a runed translucent gate.
  2064 | D:3      | Found a runed translucent gate.
  2071 | D:3      | Found a runed translucent gate.
  2075 | D:3      | Noticed justen's ghost (weakling GnSh)
  2105 | D:3      | Killed justen's ghost
  2106 | D:3      | Reached skill level 1 in Long Blades
  2110 | D:3      | Reached skill level 1 in Shields
  2401 | D:3      | Reached XP level 6. HP: 47/51 MP: 5/5
  2809 | D:4      | Reached XP level 7. HP: 57/58 MP: 6/6
  3322 | D:4      | Reached **** piety under Cheibriados
  3431 | D:5      | Entered Level 5 of the Dungeon
  3444 | D:5      | Found a staircase to the Ecumenical Temple.
  3486 | D:5      | Reached skill level 5 in Armour
  3538 | Temple   | Entered the Ecumenical Temple
  3680 | D:5      | Reached skill level 1 in Stealth
  3951 | D:5      | Reached XP level 8. HP: 43/66 MP: 7/7
  4236 | D:5      | Reached skill level 5 in Long Blades
  4401 | D:6      | Found a shimmering blue altar of Sif Muna.
  4503 | D:6      | Reached skill level 5 in Dodging
  4503 | D:6      | Reached skill level 5 in Shields
  5522 | D:7      | You fall into a shaft and drop 2 floors!
  5578 | D:9      | Reached XP level 9. HP: 59/72 MP: 8/8
  5646 | D:9      | Reached ***** piety under Cheibriados
  5767 | D:9      | Reached skill level 5 in Fighting
  6544 | D:8      | Reached skill level 1 in Invocations
  6605 | D:8      | Found a faded altar of an unknown god.
  6605 | D:8      | Found a white marble altar of Elyvilon.
  6622 | D:8      | Found a burning altar of Makhleb.
  6629 | D:8      | Found a faded altar of an unknown god.
  6631 | D:8      | Found an iron altar of Okawaru.
  6867 | D:8      | Found a shadowy altar of Dithmenos.
  6923 | D:8      | Noticed a two-headed ogre
  6931 | D:8      | Killed a two-headed ogre
  6932 | D:8      | Reached XP level 10. HP: 37/82 MP: 10/10
  7376 | D:7      | Noticed javelincjr's ghost (novice OpCj)
  7387 | D:7      | Found a runed translucent gate.
  7387 | D:7      | Found a runed translucent gate.
  7387 | D:7      | Identified the +0 plate armour "Fuaf" {Harm Int+5}
  7396 | D:7      | Found a runed translucent gate.
  7422 | D:7      | Gained mutation: Your mind is acute. (Int +4, Str/Dex -1)
                  | [potion of mutation]
  7422 | D:7      | Gained mutation: Your muscles are strong. (Str +4, Int/Dex
                  | -1) [potion of mutation]
  7425 | D:7      | Lost mutation: Your muscles are strong. (Str +4, Int/Dex
                  | -1) [potion of mutation]
  7425 | D:7      | Lost mutation: Your mind is acute. (Int +4, Str/Dex -1)
                  | [potion of mutation]
  7425 | D:7      | Gained mutation: You are robust. (+10% HP) [potion of
                  | mutation]
  7425 | D:7      | Gained mutation: Armour fits poorly on your strangely
                  | shaped body. [potion of mutation]
  7427 | D:7      | Lost mutation: Armour fits poorly on your strangely shaped
                  | body. [potion of mutation]
  7427 | D:7      | Lost mutation: You are robust. (+10% HP) [potion of
                  | mutation]
  7427 | D:7      | Gained mutation: Your system is resistant to poisons.
                  | (rPois) [potion of mutation]
  7763 | D:7      | Learned a level 7 spell: Summon Hydra
  7964 | D:7      | Killed javelincjr's ghost
  8006 | D:7      | Identified the scarf "Imeveb" {harm, rElec Will+ Stlth+}
  8261 | D:10     | Entered Level 10 of the Dungeon
  8313 | D:10     | Found a staircase to the Orcish Mines.
  8336 | D:10     | HP: 3/126 [troll (5)]
  8336 | D:10     | HP: 1/126 [orc warrior/+0 war axe (2)]
  8338 | D:10     | Slain by a troll

Illustrated notes

Levels and vault maps discovered:
D:1:      sevenhm_arrival_forest_fort_large_4, layout_loops_ring,
          hellmonk_ecumenical_altar_run_dry, hex_large
D:2:      minmay_angry_zag, layout_basic, nicolae_shop_unique_rings
D:3:      layout_rooms, gammafunk_ghost_necromancy, minmay_hedge_maze,
          uniq_jessica, uniq_ijyb
D:4:      layout_basic
D:5:      layout_loops_cross, temple_pool_b
D:6:      layout_basic, amcnicky_altar_gilded
D:7:      layout_loops_ring, biasface_ghost_orc_armoury
D:8:      minmay_s_stair_smasher, layout_cave_pools,
          chequers_temple_overflow_minitemple,
          mainiacjoe_overflow_small_starburst
D:9:      layout_basic
D:10:     layout_long_grid, due_lair_maze_entry_diamond,
          kennysheep_orc_monster_closet_entryway
Temple:   sentei_temple_godly_chess

Skill      XL: |  1  2  3  4  5  6  7  8  9 10 |
---------------+-------------------------------+-----
Polearms       | 4 5 |  5.2
Armour         | 1 2 3 4 5 6 7 8 |  8.2
Dodging        | 4 5 6 7 |  7.1
Fighting       | 3 4 5 6 |  6.5
Long Blades    | 1 3 4 6 8 9 |  9.8
Shields        | 1 2 4 6 8 9 |  9.1
Stealth        | 1 2 |  2.5
Invocations    | 1 |  1.7
Throwing       | |  2.2

Action                     |  1- 3 |  4- 6 |  7- 9 | 10-12 || total
---------------------------+-------+-------+-------+-------++-------
  Melee: Trident           |    68 |     6 |       |       ||    74
         Headbutt          |     7 |    22 |    50 |    21 ||   100
         Punch             |     1 |       |       |       ||     1
         Falchion          |       |    97 |   262 |    91 ||   450
         Maw               |       |       |       |     1 ||     1
  Throw: Throwing net      |       |       |       |     1 ||     1
 Invoke: Bend Time         |       |     1 |       |       ||     1
         Slouch            |       |       |     2 |     1 ||     3
    Use: Scroll            |     2 |     5 |     7 |     4 ||    18
         Potion            |       |     1 |     3 |     7 ||    11
   Stab: Distracted        |       |       |       |     1 ||     1
 Armour: Leather armour    |    16 |       |       |       ||    16
         Ring mail         |    21 |       |   203 |    90 ||   314
         Chain mail        |    43 |   118 |    50 |       ||   211
         Skin              |       |       |       |    25 ||    25
  Dodge: Dodged            |    73 |    77 |   191 |    83 ||   424
  Block: Kite shield       |       |    51 |   220 |   117 ||   388
         Form:             |       |       |       |     1 ||     1
         Maw               |       |       |       |     1 ||     1

Table legend: (Time is in decaauts)
 A = Elapsed time spent in this place.
 B = Non-inter-level travel time spent in this place.
 C = Inter-level travel time spent in this place.
 D = Time resting spent in this place.
 E = Time spent auto-exploring this place.
 F = Levels seen in this place.
 G = Mean time per level.
                   A        B        C        D        E       F      G
               +--------+--------+--------+--------+--------+-----+--------+
         Total |  12973 |  12970 |      3 |    563 |      9 |  11 | 1179.4 |
       Dungeon |  12847 |  12844 |      3 |    563 |      9 |  10 | 1284.7 |
        Temple |    125 |    125 |      0 |      0 |      0 |   1 |  125.0 |
               +--------+--------+--------+--------+--------+-----+--------+

Top non-repeatable levels by time:
     D:7: 1986 daAuts
     D:6: 1539 daAuts
     D:5: 1469 daAuts
     D:9: 1454 daAuts
     D:8: 1407 daAuts
     D:3: 1316 daAuts
     D:4: 1303 daAuts
     D:2: 1293 daAuts
     D:1: 959 daAuts
  Temple: 125 daAuts
    D:10: 116 daAuts
